 Dungeon Crawl Stone Soup version 0.29-a0-337-g68df138881 (webtiles) character file.

Game seed: 18429310372964544666

1375 zazu2006 the Magician (level 8, -2/64 HPs)
             Began as a Naga Hedge Wizard on Apr 16, 2022.
             Was an Initiate of Vehumet.
             Slain by Pikel
             ... wielding a +1 whip of flaming
              (4 damage)
             ... on level 5 of the Dungeon.
             The game lasted 00:14:06 (7197 turns).

zazu2006 the Magician (Naga Hedge Wizard)           Turns: 7197, Time: 00:14:06

Health: -2/64      AC:  4    Str: 12    XL:     8   Next: 66%
Magic:  2/17       EV: 10    Int: 18    God:    Vehumet [......]
Gold:   256        SH:  0    Dex: 10    Spells: 11/20 levels left

rFire   . . .      SeeInvis +   u - +2 dagger (speed)
rCold   . . .      Faith    .   (no shield)
rNeg    . . .      Spirit   .   b - +0 robe
rPois   +          Reflect  .   c - +0 hat
rElec   .          Harm     .   D - +0 cloak
rCorr   .          Rampage  .   (no gloves)
Will    +....                   (no barding)
Stlth   +++.......              o - amulet of the acrobat
HPRegen 0.20/turn               (no ring)
MPRegen 0.15/turn               (no ring)

@: short of breath, very slightly contaminated, very slow
A: AC +2, large, see invisible, deformed body, poison resistance, slowness 2,
spit poison 1, naga tail 1
a: Spit Poison, Renounce Religion


You were on level 5 of the Dungeon.
You worshipped Vehumet.
Vehumet was noncommittal.
You visited 2 branches of the dungeon, and saw 6 of its levels.

You collected 256 gold pieces.

Inventory:

Hand Weapons
 a - a +0 dagger
 t - the +3 falchion "Vyden" {pain, rElec rC++ Str-4 Int+2}
   (You found it on level 2 of the Dungeon)

   In the hands of one skilled in necromantic magic, it inflicts extra damage on
   living creatures.
   Str:       It affects your strength (-4).
   Int:       It affects your intelligence (+2).
   rC:        It greatly protects you from cold.
   rElec:     It insulates you from electricity.
 u - a +2 dagger of speed (weapon)
Armour
 b - a +0 robe (worn)
 c - a +0 hat (worn)
 m - a +0 leather armour
 D - a +0 cloak (worn)
Jewellery
 o - an amulet of the acrobat (around neck)
Wands
 w - a wand of paralysis (3)
Scrolls
 e - 2 scrolls of amnesia {unknown}
 f - 4 scrolls of identify
 g - 2 scrolls of fog {unknown}
 h - 2 scrolls of noise {unknown}
 i - 3 scrolls of immolation {unknown}
 k - 3 scrolls of blinking {unknown}
 l - 3 scrolls of magic mapping {unknown}
 n - 2 scrolls of summoning {unknown}
 p - 2 scrolls of vulnerability {unknown}
 r - 3 scrolls of fear {unknown}
 v - 4 scrolls of teleportation {unknown}
 y - a scroll of enchant weapon {unknown}
Potions
 d - 2 potions of magic
 q - a potion of flight {unknown}
 s - 3 potions of mutation {unknown}
 x - a potion of lignification {unknown}
 z - 2 potions of might
 A - 3 potions of haste
 B - 2 potions of curing
 E - a potion of invisibility {unknown}
 F - a potion of cancellation {unknown}


   Skills:
 + Level 1.5 Fighting
 + Level 3.1 Dodging
 + Level 5.8 Stealth
 + Level 6.5 Spellcasting
 + Level 4.3 Conjurations
 + Level 1.0 Summonings
 + Level 1.0 Translocations
 + Level 2.2 Air Magic
 * Level 4.5 Poison Magic
 + Level 0.7 Evocations


You had 11 spell levels left.
You knew the following spells:

 Your Spells              Type           Power      Damage    Failure   Level
a - Magic Dart            Conj           84%        1d7       1%          1
b - Mephitic Cloud        Conj/Pois/Air  19%        N/A       8%          3
c - Conjure Flame         Conj/Fire      13%        6-21      14%         3
d - Blink                 Tloc           18%        N/A       12%         2

Your spell library contained the following spells:

 Spells                   Type           Power      Damage    Failure   Level
 Corpse Rot               Necr/Air       20%        N/A       11%         2
 Slow                     Hex            20%        N/A       12%         1
 Call Imp                 Summ           9%         N/A       12%         2
 Dispel Undead            Necr           5%         3d7       75%         4
 Conjure Ball Lightning   Conj/Air       8%         3x3d6     99%         6
 Death Channel            Necr           2%         N/A       100%        6
 Discord                  Hex            2%         N/A       100%        8
 Disjunction              Tloc           4%         N/A       100%        8


Dungeon Overview and Level Annotations

Branches:
Dungeon (5/15)             Temple (1/1) D:4

Altars:
Ashenzari
Nemelex Xobeh
Okawaru
Qazlal
Ru
Sif Muna
Uskayaw
Vehumet
Wu Jian
Yredelemnul
Zin
The Shining One

Shops:
D:4 (

Annotations:
D:3 2 runed translucent doors, Antichthon's ghost, amateur NaWr
D:5 Pikel


Innate Abilities, Weirdness & Mutations

Your serpentine skin is tough. (AC +2)
You have supernaturally acute eyesight. (SInv)
Armour fits poorly on your strangely shaped body.
Your system is resistant to poisons. (rPois)
You cover ground very slowly.
You can spit poison.
You have a snake-like lower body.


Message History

You have got your breath back.
The lemure barely misses Pikel.
Okay, then.
Aiming: Spit Poison (1% risk of failure)
Press: ? - help, Shift-Dir - straight line, f/p - Pikel
Aim: Pikel, wielding a +1 whip of flaming and wearing a +0 robe (moderately wounded, confused, poisoned, 83% to hit)
The splash of poison hits Pikel!
Pikel looks even sicker.
Pikel is heavily wounded.
Unknown command.
Unknown command.
Casting: Mephitic Cloud (dangerous; 8% risk of failure)
Confirm with . or Enter, or press ? or * to list all spells.
Aiming: Magic Dart (safe; 1% risk of failure)
Press: ? - help, Shift-Dir - straight line, f/p - Pikel
Aim: Pikel, wielding a +1 whip of flaming and wearing a +0 robe (heavily wounded, confused, very poisoned, 100% to hit)
The magic dart hits Pikel but does no damage.
Pikel is heavily wounded.
The lemure barely misses Pikel.
You hit Pikel.
Pikel is severely wounded.
Pikel seems less confused.
Pikel hits you with a +1 whip of flaming!
Pikel burns you. Pikel attacks as you move away!
Pikel hits you with a +1 whip of flaming!
* * * LOW HITPOINT WARNING * * *
Pikel burns you.
* * * LOW HITPOINT WARNING * * *
Casting: Magic Dart (safe; 1% risk of failure)
Confirm with . or Enter, or press ? or * to list all spells.
Aiming: Mephitic Cloud (dangerous; 8% risk of failure)
Press: ? - help, Shift-Dir - straight line, f/p - Pikel
Aim: Pikel, wielding a +1 whip of flaming and wearing a +0 robe (severely wounded, poisoned, chance to affect: 72%)
You miscast Mephitic Cloud.
You are very lightly contaminated with residual magic.
Nothing appears to happen.
Pikel hits you with a +1 whip of flaming!
* * * LOW HITPOINT WARNING * * *
Pikel burns you.
You die...

.# ##...#####..# .#
##........# ##
#.......## .##
##......## ..##
###.....)#####
...####..55.....5..#
#............##†)###
##.........#####K#
##..####..## #@#
...## #..# #### ...##
##.#### #.# ....#
##....####.### ....#
#..##.....#..#
.##.####.######.#####
.##..##..# ##.#
..#.....## ##.##
....###..# #..#


You could see Pikel (poisoned) and a lemure (confused).

Vanquished Creatures
  Grinder (D:4)
  Sigmund (D:2)
  An orc warrior (D:5)
  A sky beast (D:5)
  A black bear (D:5)
  An ogre (D:5)
  3 lemures (D:5)
  Blork the orc (D:4)
  A bullfrog (D:5)
  A necrophage (D:5)
  2 scorpions (D:5)
  Crazy Yiuf (D:4)
  An iguana (D:5)
  2 orc wizards
  9 gnolls
  5 adders
  2 white imps
  An ufetubus (D:4)
  5 worms (D:2)
  3 dart slugs
  12 orcs
  5 ball pythons
  5 bats (D:2)
  5 endoplasms
  2 giant cockroaches
  10 goblins
  4 hobgoblins
  4 jackals
  8 kobolds
  A quokka (D:2)
  2 frilled lizards
  3 rats
104 creatures vanquished.

Notes
Turn   | Place    | Note
-------+----------+-------------------------------------------
     0 | D:1      | zazu2006 the Naga Hedge Wizard began the quest for the Orb.
     0 | D:1      | Reached XP level 1. HP: 15/15 MP: 4/4
   261 | D:1      | Found a faded altar of an unknown god.
   316 | D:1      | Reached XP level 2. HP: 22/22 MP: 1/6
  1122 | D:2      | Reached XP level 3. HP: 28/28 MP: 1/8
  1126 | D:2      | Learned a level 3 spell: Mephitic Cloud
  1130 | D:2      | Learned a level 3 spell: Conjure Flame
  1133 | D:2      | Learned a level 2 spell: Blink
  1245 | D:2      | Noticed Sigmund
  1575 | D:2      | HP: 1/28 [Sigmund/+0 scythe (12)]
  1576 | D:2      | Killed Sigmund
  1577 | D:2      | Reached skill level 4 in Spellcasting
  1577 | D:2      | Reached XP level 4. HP: 1/36 MP: 4/10
  1577 | D:2      | Reached XP level 5. HP: 1/42 MP: 4/12
  2141 | D:2      | Reached XP level 6. HP: 43/50 MP: 6/13
  2435 | D:2      | Identified the +3 falchion "Vyden" {pain, rElec rC++ Str-4
                  | Int+2}
  2453 | D:2      | Reached skill level 5 in Spellcasting
  3081 | D:3      | Reached skill level 1 in Poison Magic
  3846 | D:3      | Found a large runed translucent door.
  3846 | D:3      | Found a large runed translucent door.
  3849 | D:3      | Noticed Antichthon's ghost (amateur NaWr)
  4446 | D:4      | Found Xuck's Antique Weapon Shoppe.
  4480 | D:4      | Noticed Blork the orc
  4492 | D:4      | Killed Blork the orc
  4493 | D:4      | Reached XP level 7. HP: 26/56 MP: 11/15
  4600 | D:4      | Noticed Grinder
  4716 | D:4      | Found a runed translucent door.
  4717 | D:4      | Noticed Crazy Yiuf
  4762 | D:4      | Killed Grinder
  4763 | D:4      | Reached skill level 1 in Air Magic
  4939 | D:4      | Reached skill level 1 in Fighting
  5182 | D:4      | Found a staircase to the Ecumenical Temple.
  5188 | Temple   | Entered the Ecumenical Temple
  5290 | Temple   | Became a worshipper of Vehumet
  5484 | D:4      | Killed Crazy Yiuf
  5485 | D:4      | Reached skill level 5 in Stealth
  5567 | D:5      | Entered Level 5 of the Dungeon
  5679 | D:5      | Reached skill level 6 in Spellcasting
  5679 | D:5      | Reached XP level 8. HP: 56/64 MP: 10/17
  7174 | D:5      | Noticed Pikel
  7197 | D:5      | HP: 2/64 [Pikel/+1 whip of flaming (7)]
  7197 | D:5      | Slain by Pikel

Illustrated notes

Levels and vault maps discovered:
D:1:      lemuel_arrival_broad_hall, layout_basic, basic_ecumenical_altar
D:2:      layout_rooms, minmay_joined_circles, uniq_sigmund
D:3:      layout_basic, ebering_ghost_disaster_area, minmay_misc_feat_pillars
D:4:      layout_cave_pools, minmay_temple_entry_nine_rooms, serial_shops, shop,
          uniq_grinder, uniq_blork_the_orc, uniq_crazy_yiuf_cottage
D:5:      layout_layer_cave, uniq_pikel
Temple:   kilobyte_greek_temple

Skill      XL: |  1  2  3  4  5  6  7  8 |
---------------+-------------------------+-----
Dodging        | 2 3 |  3.1
Spellcasting   | 4 5 6 |  6.5
Conjurations   | 2 3 4 |  4.3
Stealth        | 4 5 |  5.8
Poison Magic   | 1 3 4 |  4.5
Air Magic      | 1 2 |  2.2
Fighting       | 1 |  1.5
Summonings     | |  1.0
Translocations | |  1.0
Evocations     | |  0.7

Action                   |  1- 3 |  4- 6 |  7- 9 || total
-------------------------+-------+-------+-------++-------
Melee: Dagger            |     4 |    51 |    44 ||    99
       Punch             |       |       |     2 ||     2
Throw: Dart              |       |       |     3 ||     3
 Cast: Magic Dart        |    49 |   121 |    83 ||   253
       Mephitic Cloud    |       |     5 |    16 ||    21
 Abil: Spit Poison       |    18 |    18 |    22 ||    58
Evoke: Wand              |       |       |     7 ||     7
  Use: Potion            |     2 |       |     1 ||     3
       Scroll            |       |       |     1 ||     1
 Stab: Confused          |       |     3 |     2 ||     5
       Paralysed         |       |       |     3 ||     3
Armor: Robe              |     2 |    15 |     7 ||    24
Dodge: Dodged            |    19 |    40 |    37 ||    96

Table legend: (Time is in decaauts)
 A = Elapsed time spent in this place.
 B = Non-inter-level travel time spent in this place.
 C = Inter-level travel time spent in this place.
 D = Time resting spent in this place.
 E = Time spent auto-exploring this place.
 F = Levels seen in this place.
 G = Mean time per level.
                   A        B        C        D        E       F      G
               +--------+--------+--------+--------+--------+-----+--------+
         Total |   8631 |   8366 |    265 |    367 |   6945 |   6 | 1438.5 |
       Dungeon |   8447 |   8224 |    223 |    367 |   6811 |   5 | 1689.4 |
        Temple |    184 |    142 |     42 |      0 |    134 |   1 |  184.0 |
               +--------+--------+--------+--------+--------+-----+--------+

Top non-repeatable levels by time:
     D:3: 2021 daAuts
     D:2: 1984 daAuts
     D:5: 1896 daAuts
     D:1: 1335 daAuts
     D:4: 1208 daAuts
  Temple: 184 daAuts
